 Dungeon Crawl Stone Soup version 0.19-a0-1568-gdd01aac (webtiles) character file.

22 Amnesiac the Digger (level 2, 0/19 HPs)
             Began as a Mummy Earth Elementalist on Sept 15, 2016.
             Slain by a water moccasin zombie (6 damage)
             ... on level 3 of the Dungeon.
             The game lasted 00:01:18 (368 turns).

Amnesiac the Digger (Mummy Earth Elementalist)       Turns: 368, Time: 00:01:18

Health: 0/19       AC:  3    Str: 11    XL:     2   Next: 68%
Magic:  0/5        EV: 12    Int: 14    God:
Gold:   8          SH:  0    Dex: 12    Spells: 1 memorised, 4 levels left

rFire  x . .     SeeInvis .     b - 24 stones
rCold  + . .     Gourm    .     c - +0 robe
rNeg   + + +     Faith    .     (no shield)
rPois  ∞         Spirit   .     (no helmet)
rElec  .         Dismiss  .     e - +0 cloak
rCorr  .         Reflect  .     (no gloves)
MR     .....     Harm     .     (no boots)
Stlth  ++........               (no amulet)
                                (no ring)
                                (no ring)

@: very slightly contaminated
A: no food or potions, fire vulnerability, cold resistance 1, negative energy
resistance 3, torment resistance, unbreathing
a: no special abilities


You were on level 3 of the Dungeon.
You were not hungry.

You visited 1 branch of the dungeon, and saw 3 of its levels.

You collected 8 gold pieces.

Inventory:

Missiles
 b - 24 stones (in hand)
Armour
 c - a +0 robe (worn)
 e - a +0 cloak (worn)
Scrolls
 a - a scroll of fear {unknown}
Books
 d - a book of Geomancy

   Spells                             Type                      Level
   a - Sandblast                      Earth                        1
   b - Passwall                       Transmutation/Earth          2
   c - Stone Arrow                    Conjuration/Earth            3
   d - Petrify                        Transmutation/Earth          4
   e - Lee's Rapid Deconstruction     Earth                        5


   Skills:
 - Level 1.5 Dodging
 - Level 1.5 Stealth
 - Level 2.0 Spellcasting
   Level 0.7 Transmutations
 + Level 3.3 Earth Magic


You had 4 spell levels left.
You knew the following spells:

 Your Spells              Type           Power        Failure   Level  Hunger
z - Sandblast             Erth           ##....       10%         1    N/A

Dungeon Overview and Level Annotations

Branches:
Dungeon (3/15)

Altars:
Cheibriados


Innate Abilities, Weirdness & Mutations

You do not eat or drink.
Your flesh is vulnerable to fire.
You are immune to poison.
Your flesh is cold resistant. (rC+)
You are immune to negative energy. (rN+++)
You are immune to unholy pain and torment.
You can survive without breathing.


Message History

You don't have enough magic to cast that spell.
Casting: Sandblast
Confirm with . or Enter, or press ? or * to list all spells.
You don't have enough magic to cast that spell.
Casting: Sandblast
Confirm with . or Enter, or press ? or * to list all spells.
You don't have enough magic to cast that spell.
Found an amethyst potion.
The water moccasin zombie bites you.
Casting: Sandblast
Confirm with . or Enter, or press ? or * to list all spells.
Aiming: Sandblast
Press: ? - help, Shift-Dir - straight line, f/p - water moccasin zombie
Aim: a water moccasin zombie (almost destroyed)
You miscast Sandblast.
You are very lightly contaminated with residual magic.
Nothing appears to happen.
The water moccasin zombie bites you. The water moccasin zombie bites you!
The water moccasin zombie bites you.
You die...

####.####
########.##.##.#
#.......# #.##.##.#
#.##>#..# #.......# #
#.#..# ##########.####
#.#..# #.!...# #.#
#.#..# #.....# #.##
#.##.#..# #.....# #..#
#.......####Z....#
##.#
#######.##.@.....# #.#
#.##.####### #.#
#.##.# #.#
#.##.###########.#
#................#####
#.##.##..#######......
#.##.# .# #.####.
#..... # #.####.
#.##.#. #.##...


You could see a water moccasin zombie.

Vanquished Creatures
  An adder (D:3)
  A worm (D:2)
  2 dart slugs
  A goblin (D:2)
  3 bats
8 creatures vanquished.

Notes
Turn   | Place    | Note
-------+----------+-------------------------------------------
     0 | D:1      | Amnesiac the Mummy Earth Elementalist began the quest for the Orb.
     0 | D:1      | Reached XP level 1. HP: 13/13 MP: 3/3
    89 | D:2      | Reached XP level 2. HP: 19/19 MP: 0/5
   192 | D:3      | Reached skill level 3 in Earth Magic
   221 | D:3      | Found a snail-covered altar of Cheibriados.
   368 | D:3      | Slain by a water moccasin zombie

Vault maps used:
D:1:      dpeg_arrival_refuge
D:2:      minmay_misc_feat_room, kennysheep_generic_room_2, uniq_sigmund
D:3:      lemuel_doored_altar, kennysheep_slug_shrine, old_standard_altar,
          first_bread

Skill      XL: |  1  2 |
---------------+-------+-----
Earth Magic    | 3 |  3.3
Dodging        | |  1.5
Stealth        | |  1.5
Spellcasting   | |  2.0
Transmutations | |  0.7

Action                   || total
-------------------------++-------
Melee: Unarmed           ||     3
 Cast: Sandblast         ||    20
Armor: Robe              ||    10
Dodge: Dodged            ||    20
